EL
MISSISSIPPI BRAVES @ TULSA DRILLERS
08/17/2049
 
TOP OF THE 1ST
Mississippi Braves batting - Pitching for Tulsa Drillers : RHP Alex Mora
Pitching: RHP Alex Mora
Batting: RHB Zheng-ze King 0-0: Ball
1-0: Called Strike
1-1: Called Strike
1-2: Foul Ball, location: 2F
1-2: Ball
2-2: DOUBLE (Groundball, 5L, EV 102.5 MPH)
Batting: LHB Ricardo Sandoval 0-0: Called Strike
0-1: Ball
1-1: Fly out, F2 (Popup, 2L, EV 93.1 MPH)
Batting: LHB Art D'Ascenzo 0-0: Ball
1-0: Ball
2-0: Called Strike
2-1: SINGLE (Line Drive, 78S, EV 105.0 MPH)
Zheng-ze King to third
Runner from 3rd tries for Home, SAFE, throw by CF to home
Batting: RHB Luis Restrepo 0-0: Called Strike
0-1: Fly out, F9 (Flyball, 89S, EV 80.0 MPH)
Batting: RHB Eddie McCoy 0-0: Ball
1-0: Ball
Art D'Ascenzo is caught stealing 2nd base 2-4
Top of the 1st over - 1 run, 2 hits, 0 errors, 0 left on base; Mississippi 1 - Tulsa 0
BOTTOM OF THE 1ST
Tulsa Drillers batting - Pitching for Mississippi Braves : LHP Mark Gehring
Pitching: LHP Mark Gehring
Batting: LHB Cory Bowler 0-0: Ball
1-0: Ground out 4-3 (Groundball, 4, EV 88.1 MPH)
Batting: LHB Umar Matoub 0-0: Ball
1-0: Ball
2-0: Foul Ball, location: 2F
2-1: SINGLE (Line Drive, 89S, EV 90.6 MPH)
Batting: RHB Jerry Blas 0-0: Called Strike
0-1: Swinging Strike
0-2: Fly out, F7 (Flyball, 7LSF, EV 73.1 MPH)
Batting: LHB Nate Kee 0-0: Called Strike
0-1: Foul Ball, location: 2F
0-2: Strikes out swinging
Bottom of the 1st over - 0 runs, 1 hit, 0 errors, 1 left on base; Mississippi 1 - Tulsa 0
TOP OF THE 2ND
Mississippi Braves batting - Pitching for Tulsa Drillers : RHP Alex Mora
Batting: RHB Eddie McCoy 0-0: Ground out 3-1 (Groundball, 34, EV 108.1 MPH)
Batting: LHB Sal Fernandez 0-0: Foul Ball, location: 2F
0-1: Ball
1-1: Ground out 6-3 (Groundball, 6M, EV 100.6 MPH)
Batting: RHB Hieronim Rutkowski 0-0: Ball
1-0: Ball
2-0: Called Strike
2-1: Ball
3-1: SINGLE (Line Drive, 34D, EV 100.0 MPH)
Batting: SHB Jose Melendez 0-0: Called Strike
Hieronim Rutkowski steals 2nd base (no throw)
0-1: Ball
1-1: Fly out, F9 (Flyball, 9LS, EV 88.8 MPH)
Top of the 2nd over - 0 runs, 1 hit, 0 errors, 1 left on base; Mississippi 1 - Tulsa 0
BOTTOM OF THE 2ND
Tulsa Drillers batting - Pitching for Mississippi Braves : LHP Mark Gehring
Batting: SHB Ray Luna 0-0: Called Strike
0-1: Ball
1-1: Foul Ball, location: 2F
1-2: Strikes out looking
Batting: LHB Joe Phillips 0-0: Ball
1-0: Called Strike
1-1: Ball
2-1: Ball
3-1: Called Strike
3-2: Strikes out swinging, 2-3 out at first.
Batting: LHB Bobby Gonzalez 0-0: Foul Ball, location: 2F
0-1: Ball
1-1: Ball
2-1: Fly out, F8 (Flyball, 78M, EV 85.6 MPH)
Bottom of the 2nd over - 0 runs, 0 hits, 0 errors, 0 left on base; Mississippi 1 - Tulsa 0
TOP OF THE 3RD
Mississippi Braves batting - Pitching for Tulsa Drillers : RHP Alex Mora
Batting: RHB Costantino Dolfini 0-0: Swinging Strike
0-1: Ground out 6-3 (Groundball, 6, EV 86.9 MPH)
Batting: RHB Zheng-ze King 0-0: Swinging Strike
0-1: Swinging Strike
0-2: Ball
1-2: Strikes out swinging
Batting: LHB Ricardo Sandoval 0-0: Ball
1-0: Foul Ball, location: 2F
1-1: SINGLE (Groundball, 4, EV 95.6 MPH)
Batting: LHB Art D'Ascenzo 0-0: Ball
Ricardo Sandoval steals 2nd base (no throw)
1-0: Ground out 4-3 (Groundball, 34, EV 90.0 MPH)
Top of the 3rd over - 0 runs, 1 hit, 0 errors, 1 left on base; Mississippi 1 - Tulsa 0
BOTTOM OF THE 3RD
Tulsa Drillers batting - Pitching for Mississippi Braves : LHP Mark Gehring
Batting: RHB Jonathan Sotelo 0-0: Swinging Strike
0-1: Ball
1-1: Swinging Strike
1-2: Strikes out looking
Batting: LHB Randy Boone 0-0: Ball
1-0: Called Strike
1-1: Swinging Strike
1-2: Ball
2-2: Ball
3-2: SINGLE (Groundball, 4MD, EV 100.0 MPH)
Batting: LHB Cory Bowler 0-0: Ball
1-0: Grounds into double play, 4-6-3 (Groundball, 4S, EV 81.9 MPH)
Bottom of the 3rd over - 0 runs, 1 hit, 0 errors, 0 left on base; Mississippi 1 - Tulsa 0
TOP OF THE 4TH
Mississippi Braves batting - Pitching for Tulsa Drillers : RHP Alex Mora
Batting: RHB Luis Restrepo 0-0: Ball
1-0: Foul Ball, location: 2F
1-1: Fly out, F8 (Flyball, 89D, EV 82.5 MPH)
Batting: RHB Eddie McCoy 0-0: Ball
1-0: Foul Ball, location: 2F
1-1: Foul Ball, location: 2F
1-2: SINGLE (Line Drive, 89M, EV 105.0 MPH)
Batting: LHB Sal Fernandez 0-0: Fly out, F7 (Flyball, 7, EV 88.1 MPH)
Batting: RHB Hieronim Rutkowski 0-0: Foul Ball, location: 2F
0-1: Ball
1-1: Ball
2-1: DOUBLE (Flyball, 78D, EV 93.8 MPH)
Eddie McCoy to third
Batting: SHB Jose Melendez 0-0: Ball
1-0: Ground out 5-3 (Groundball, 5, EV 86.9 MPH)
Top of the 4th over - 0 runs, 2 hits, 0 errors, 2 left on base; Mississippi 1 - Tulsa 0
BOTTOM OF THE 4TH
Tulsa Drillers batting - Pitching for Mississippi Braves : LHP Mark Gehring
Batting: LHB Umar Matoub 0-0: Ball
1-0: Called Strike
1-1: Ball
2-1: Ball
3-1: Base on Balls
Batting: RHB Jerry Blas 0-0: SINGLE (Line Drive, 89S, EV 101.9 MPH)
Umar Matoub to second
Batting: LHB Nate Kee 0-0: Called Strike
0-1: Foul Ball, location: 2F
0-2: Ball
1-2: Strikes out swinging
Batting: SHB Ray Luna 0-0: SINGLE (Line Drive, 56, EV 95.6 MPH)
Umar Matoub to third
Jerry Blas to second
Batting: LHB Joe Phillips 0-0: Fly out, F7 (Flyball, 7, EV 91.9 MPH)
Batting: LHB Bobby Gonzalez 0-0: Called Strike
0-1: Foul Ball, location: 2F
0-2: Ball
1-2: Fly out, F9 (Flyball, 89M, EV 86.9 MPH)
Bottom of the 4th over - 0 runs, 2 hits, 0 errors, 3 left on base; Mississippi 1 - Tulsa 0
TOP OF THE 5TH
Mississippi Braves batting - Pitching for Tulsa Drillers : RHP Alex Mora
Batting: RHB Costantino Dolfini 0-0: SINGLE (Line Drive, 56D, EV 98.8 MPH)
Batting: RHB Zheng-ze King 0-0: Called Strike
0-1: Foul Ball, location: 2F
0-2: Ball
1-2: Ball
2-2: Foul Ball, location: 2F
2-2: Fly out, F9 (Flyball, 9, EV 88.1 MPH)
Batting: LHB Ricardo Sandoval 0-0: Ball
1-0: Ball
2-0: Fielders Choice at 2nd, 4-6 (Groundball, 4, EV 91.9 MPH)
Batting: LHB Art D'Ascenzo 0-0: Ball
Ricardo Sandoval steals 2nd base
1-0: Ball
2-0: Ball
3-0: Called Strike
3-1: Called Strike
3-2: Base on Balls
Batting: RHB Luis Restrepo 0-0: Ball
1-0: DOUBLE (Flyball, 78D, EV 88.8 MPH)
Ricardo Sandoval scores
Art D'Ascenzo to third
Batting: RHB Eddie McCoy 0-0: Foul Ball, location: 2F
0-1: Ball
1-1: Foul Ball, location: 2F
1-2: Ball
2-2: Fly out, F7 (Flyball, 7D, EV 102.5 MPH)
Top of the 5th over - 1 run, 2 hits, 0 errors, 2 left on base; Mississippi 2 - Tulsa 0
BOTTOM OF THE 5TH
Tulsa Drillers batting - Pitching for Mississippi Braves : LHP Mark Gehring
Batting: RHB Jonathan Sotelo 0-0: Foul Ball, location: 2F
0-1: Ball
1-1: Foul Ball, location: 2F
1-2: Strikes out swinging
Batting: LHB Randy Boone 0-0: Ball
1-0: Called Strike
1-1: Ground out 5-3 (Groundball, 56S, EV 86.9 MPH)
Batting: LHB Cory Bowler 0-0: Ball
1-0: Ball
2-0: Ground out 5-3 (Groundball, 5, EV 84.4 MPH)
Bottom of the 5th over - 0 runs, 0 hits, 0 errors, 0 left on base; Mississippi 2 - Tulsa 0
TOP OF THE 6TH
Mississippi Braves batting - Pitching for Tulsa Drillers : RHP Alex Mora
Batting: LHB Sal Fernandez 0-0: Ball
1-0: Ball
2-0: Bunt missed!
2-1: Called Strike
2-2: SINGLE (Groundball, 4MD, EV 98.1 MPH)
Batting: RHB Hieronim Rutkowski 0-0: Ball
1-0: Called Strike
1-1: Called Strike
1-2: Fly out, F3 (Popup, 3S, EV 81.9 MPH)
Batting: SHB Jose Melendez 0-0: Called Strike
0-1: Called Strike
0-2: Ball
1-2: Ball
2-2: SINGLE (Groundball, 15S, EV 65.6 MPH) (infield hit)
Sal Fernandez to second
Batting: RHB Costantino Dolfini 0-0: Called Strike
0-1: Ball
1-1: Foul Ball, location: 2F
1-2: Fly out, F8 (Flyball, 8LXD, EV 96.9 MPH)
Runner from 2nd tags up, SAFE at 3rd, no throw by CF
Batting: RHB Zheng-ze King 0-0: Foul Ball, location: 2F
0-1: Ball
1-1: Called Strike
1-2: Ball
2-2: Fly out, F7 (Flyball, 78M, EV 88.1 MPH)
Top of the 6th over - 0 runs, 2 hits, 0 errors, 2 left on base; Mississippi 2 - Tulsa 0
BOTTOM OF THE 6TH
Tulsa Drillers batting - Pitching for Mississippi Braves : LHP Mark Gehring
Batting: LHB Umar Matoub 0-0: Fly out, F8 (Line Drive, 8RS, EV 98.1 MPH)
Batting: RHB Jerry Blas 0-0: Ball
1-0: Ball
2-0: Ground out 5-3 (Groundball, 56, EV 87.5 MPH)
Batting: LHB Nate Kee 0-0: Foul Ball, location: 2F
0-1: Swinging Strike
0-2: Foul Ball, location: 2F
0-2: Ball
1-2: Ball
2-2: Strikes out looking
Bottom of the 6th over - 0 runs, 0 hits, 0 errors, 0 left on base; Mississippi 2 - Tulsa 0
TOP OF THE 7TH
Mississippi Braves batting - Pitching for Tulsa Drillers : RHP Alex Mora
Batting: LHB Ricardo Sandoval 0-0: Ball
1-0: Ball
2-0: Foul Ball, location: 2F
2-1: Ball
3-1: Foul Ball, location: 2F
3-2: Base on Balls
Batting: LHB Art D'Ascenzo 0-0: Ball
1-0: Called Strike
Ricardo Sandoval is caught stealing 2nd base 2-6
1-1: Ball
2-1: SINGLE (Groundball, 4D, EV 100.0 MPH)
Batting: RHB Luis Restrepo 0-0: Ball
1-0: Fielders Choice at 2nd, 1-4 (Groundball, 15S, EV 64.4 MPH)
Batting: RHB Eddie McCoy 0-0: Called Strike
Pickoff Throw to First - Error! E1
Luis Restrepo to second
0-1: Foul Ball, location: 2F
0-2: Ball
1-2: Foul Ball, location: 2F
1-2: Ball
2-2: Ball
3-2: Fly out, F7 (Flyball, 78S, EV 74.4 MPH)
Top of the 7th over - 0 runs, 1 hit, 1 error, 1 left on base; Mississippi 2 - Tulsa 0
BOTTOM OF THE 7TH
Tulsa Drillers batting - Pitching for Mississippi Braves : LHP Mark Gehring
Batting: SHB Ray Luna 0-0: Ball
1-0: Ground out 5-3 (Groundball, 56, EV 89.4 MPH)
Batting: LHB Joe Phillips 0-0: Ball
1-0: Ground out 6-3 (Groundball, 6S, EV 83.8 MPH)
Batting: LHB Bobby Gonzalez 0-0: Called Strike
0-1: Ball
1-1: Called Strike
1-2: Foul Ball, location: 2F
1-2: Strikes out swinging
Bottom of the 7th over - 0 runs, 0 hits, 0 errors, 0 left on base; Mississippi 2 - Tulsa 0
TOP OF THE 8TH
Mississippi Braves batting - Pitching for Tulsa Drillers : RHP Alex Mora
Pitching: RHP Jose Tavira
Batting: LHB Sal Fernandez 0-0: Swinging Strike
0-1: Ball
1-1: Called Strike
1-2: Strikes out swinging
Batting: RHB Hieronim Rutkowski 0-0: Ball
1-0: Ball
2-0: Called Strike
2-1: Foul Ball, location: 2F
2-2: TRIPLE (Line Drive, 89XD, EV 106.2 MPH)
Batting: SHB Jose Melendez 0-0: Ball
1-0: Ball
2-0: Ball
3-0: Base on Balls
Batting: RHB Costantino Dolfini 0-0: Called Strike
0-1: Called Strike
0-2: Strikes out swinging
Batting: RHB Zheng-ze King 0-0: Called Strike
0-1: Ball
1-1: Foul Ball, location: 2F
1-2: Foul Ball, location: 2F
1-2: Foul Ball, location: 2F
1-2: Ball
2-2: Foul Ball, location: 2F
2-2: Strikes out swinging
Top of the 8th over - 0 runs, 1 hit, 0 errors, 2 left on base; Mississippi 2 - Tulsa 0
BOTTOM OF THE 8TH
Tulsa Drillers batting - Pitching for Mississippi Braves : LHP Mark Gehring
Batting: RHB Jonathan Sotelo 0-0: Swinging Strike
0-1: Ground out 5-3 (Groundball, 56, EV 102.5 MPH)
Pitching: RHP Gordon Cushing
Batting: LHB Randy Boone 0-0: Ball
1-0: Foul Ball, location: 2F
1-1: Called Strike
1-2: Ground out U3 (Groundball, 3, EV 81.2 MPH)
Batting: LHB Cory Bowler 0-0: Foul Ball, location: 2F
0-1: Ground out 6-3 (Groundball, 6, EV 88.1 MPH)
Bottom of the 8th over - 0 runs, 0 hits, 0 errors, 0 left on base; Mississippi 2 - Tulsa 0
TOP OF THE 9TH
Mississippi Braves batting - Pitching for Tulsa Drillers : RHP Jose Tavira
Pitching: RHP Alex Vasquez
Batting: LHB Ricardo Sandoval 0-0: Ball
1-0: Called Strike
1-1: Ball
2-1: SOLO HOME RUN (Flyball, 7D, EV 98.1 MPH), Distance : 394 ft
Batting: LHB Art D'Ascenzo 0-0: Ball
1-0: Called Strike
1-1: Called Strike
1-2: Strikes out swinging
Batting: RHB Luis Restrepo 0-0: Ball
1-0: Ball
2-0: Ball
3-0: Called Strike
3-1: Fly out, F8 (Flyball, 89M, EV 88.1 MPH)
Batting: RHB Eddie McCoy 0-0: Called Strike
0-1: Swinging Strike
0-2: Strikes out swinging
Top of the 9th over - 1 run, 1 hit, 0 errors, 0 left on base; Mississippi 3 - Tulsa 0
BOTTOM OF THE 9TH
Tulsa Drillers batting - Pitching for Mississippi Braves : RHP Gordon Cushing
Pitching: RHP Greg Hart
Batting: LHB Umar Matoub 0-0: Called Strike
0-1: SINGLE (Groundball, 4MD, EV 105.0 MPH)
Batting: RHB Jerry Blas 0-0: Ball
1-0: Called Strike
1-1: Foul Ball, location: 2F
1-2: Foul Ball, location: 2F
1-2: Ball
2-2: DOUBLE (Groundball, 5L, EV 100.0 MPH)
Umar Matoub to third
Batting: LHB Nate Kee 0-0: Called Strike
0-1: Called Strike
0-2: Foul Ball, location: 2F
0-2: Ball
1-2: Strikes out swinging
Batting: SHB Ray Luna 0-0: Ball
1-0: Ground out 6-3 (Groundball, 6, EV 80.6 MPH)
Umar Matoub scores
Pitching: RHP Ioakim Mozgo
Batting: LHB Joe Phillips 0-0: Ball
1-0: Foul Ball, location: 2F
1-1: SINGLE (Groundball, 4M, EV 102.5 MPH) (infield hit)
Jerry Blas to third
Batting: LHB Bobby Gonzalez 0-0: Ball
1-0: Ball
2-0: Swinging Strike
2-1: Foul Ball, location: 2F
2-2: Strikes out looking
Bottom of the 9th over - 1 run, 3 hits, 0 errors, 2 left on base; Mississippi 3 - Tulsa 1
Sunday, July 16th , 2023 - OOTP Baseball 24.6 Build 69